 Dungeon Crawl Stone Soup version 0.23.2-1-ga50397a6bc (webtiles) character file.

Game seed: 460953979673406170

156 Mrkan the Covered (level 5, 0/33 HPs)
             Began as a Gargoyle Fighter on May 15, 2019.
             Slain by an orc warrior
             ... wielding a +0 dire flail
              (12 damage)
             ... on level 3 of the Dungeon.
             The game lasted 00:02:54 (1591 turns).

Mrkan the Covered (Gargoyle Fighter)                Turns: 1591, Time: 00:02:54

Health: 0/33       AC: 11    Str: 19    XL:     5   Next: 37%
Magic:  5/5        EV:  7    Int: 10    God:
Gold:   110        SH:  9    Dex:  9    Spells: 4/4 levels left

rFire    . . .     SeeInvis .   a - +0 flail
rCold    . . .     Gourm    .   c - +0 shield
rNeg     + . .     Faith    .   b - +0 scale mail
rPois    ∞         Spirit   .   (no helmet)
rElec    +         Reflect  .   (no cloak)
rCorr    .         Harm     .   (no gloves)
MR       .....                  (no boots)
Stlth    ..........             (no amulet)
HPRegen  0.11/turn              (no ring)
MPRegen  0.09/turn              (no ring)

@: no status effects
A: negative energy resistance 1, electricity resistance, unbreathing,
petrification resistance, rot immunity, AC +4
a: no special abilities


You were on level 3 of the Dungeon.
You were hungry.

You visited 1 branch of the dungeon, and saw 3 of its levels.

You collected 110 gold pieces.

Inventory:

Hand Weapons
 a - a +0 flail (weapon)
Armour
 b - a +0 scale mail (worn)
 c - a +0 shield (worn)
 m - a +2 pair of gloves
Jewellery
 o - an uncursed ring of poison resistance {unknown}
Scrolls
 e - 3 scrolls of identify {unknown}
 h - 2 scrolls of teleportation {unknown}
 j - 2 scrolls of amnesia {unknown}
 l - a scroll of immolation {unknown}
Potions
 d - 2 potions of might
 g - a potion of lignification {unknown}
 i - 2 potions of heal wounds {unknown}
 k - a potion of agility {unknown}
Comestibles
 f - 8 rations


   Skills:
 + Level 4.1 Fighting
 * Level 3.7 Maces & Flails
 + Level 4.1 Armour
 + Level 4.1 Shields


You had 4 spell levels left.
You didn't know any spells.
Your spell library was empty.

Dungeon Overview and Level Annotations

Branches:
Dungeon (3/15)

Altars:


Innate Abilities, Weirdness & Mutations

You are resistant to torment.
Your stone body is resilient. (AC +4)
You are immune to poison.
You resist negative energy. (rN+)
You are resistant to electric shocks. (rElec)
You can survive without breathing.
You are immune to petrification.
You are immune to rotting.


Message History

You block the orc's attack. The orc hits you but does no damage.
The orc wizard hits you but does no damage.
Your shield and scale mail prevent you from hitting the orc.
The orc is almost dead.
The orc hits you but does no damage. You block the orc's attack.
The orc wizard gestures wildly while chanting.
The orc wizard flickers and vanishes!
Deactivating autopickup; reactivate with Ctrl-A.
A hobgoblin comes into view. It is wielding a +0 club.
Your shield and scale mail prevent you from hitting something.
You block the orc's attack. Something hits you but does no damage.
The orc hits you with a +0 flail! You block the orc's attack.
You hit the orc warrior but do no damage.
You block the orc's attack. x2
You sock the orc warrior!
The orc warrior is moderately wounded.
The orc warrior barely misses you. The orc hits you but does no damage.
The orc closely misses you.
The orc warrior hits you with a +0 dire flail!
You die...

..... #.. ...... ###..
.J.... ......#####.....
...... ..............#
......
.........#....###......
.....?.....#...o?..>..
........:.<.?##K.....
.......#(..###oo.#
..K....(.†Kso@o{.#
......!#..†####.##
...........# #.#
....####...# #.# .#.
#....# ..# #. #....#
.## # #.###. # .. ..


You could see an orc warrior, an orc wizard, 3 orcs, a giant cockroach and 2
kobolds.

Vanquished Creatures
  A scorpion (D:2)
  6 adders (D:2)
  An ooze (D:1)
  A dart slug (D:1)
  2 worms (D:2)
  2 leopard geckos
  4 bats
  3 giant cockroaches
  3 hobgoblins
  5 jackals
  A quokka (D:2)
  2 ball pythons (D:1)
  5 frilled lizards
  3 kobolds
  5 rats
44 creatures vanquished.

Notes
Turn   | Place    | Note
-------+----------+-------------------------------------------
     0 | D:1      | Mrkan the Gargoyle Fighter began the quest for the Orb.
     0 | D:1      | Reached XP level 1. HP: 14/14 MP: 1/1
   197 | D:1      | Reached XP level 2. HP: 17/19 MP: 2/2
   766 | D:2      | Reached XP level 3. HP: 21/23 MP: 3/3
   944 | D:2      | Noticed a scorpion
   965 | D:2      | Killed a scorpion
   965 | D:2      | Reached XP level 4. HP: 16/29 MP: 4/4
  1134 | D:2      | Reached XP level 5. HP: 18/33 MP: 5/5
  1581 | D:3      | Noticed an orc warrior
  1591 | D:3      | Slain by an orc warrior

Skill      XL: |  1  2  3  4 |
---------------+-------------+-----
Maces & Flails | 3 |  3.7
Fighting       | 4 |  4.1
Armour         | 4 |  4.1
Shields        | 4 |  4.1

Action                   |  1- 3 |  4- 6 || total
-------------------------+-------+-------++-------
Melee: Flail             |   136 |    99 ||   235
  Eat: Chunk             |       |     2 ||     2
Armor: Scale mail        |   106 |    60 ||   166
Dodge: Dodged            |    59 |    37 ||    96
Block: Shield            |    69 |    60 ||   129
